 Dungeon Crawl Stone Soup version 0.27.1-1-g398f81649c (webtiles) character file.

Game seed: 4810535897755400867

1024 MajorAdolf the Covert (level 8, -5/76 HPs)
             Began as a Naga Wanderer on Sept 20, 2021.
             Slain by an ice beast (10 damage)
             ... on level 6 of the Dungeon.
             The game lasted 00:12:13 (5974 turns).

MajorAdolf the Covert (Naga Wanderer)               Turns: 5974, Time: 00:12:14

Health: -5/76      AC: 10    Str: 14    XL:     8   Next: 22%
Magic:  8/8        EV:  9    Int: 17    God:
Gold:   232        SH:  0    Dex:  9    Spells: 7/7 levels left

rFire    . . .     SeeInvis +   p - +2 dagger (protect)
rCold    . . .     Faith    .   (no shield)
rNeg     . . .     Spirit   .   e - +0 robe
rPois    +         Reflect  .   (no helmet)
rElec    .         Harm     .   k - scarf {shadows}
rCorr    .         Rampage  .   (no gloves)
Will     +....                  (no barding)
Stlth    +++.......             q - amulet of regeneration
HPRegen  1.22/turn              (no ring)
MPRegen  0.11/turn              (no ring)

@: under a protective aura, very slow
A: AC +2, large, see invisible, deformed body, poison resistance, slowness 2,
spit poison 1, naga tail 1
a: Spit Poison


You were on level 6 of the Dungeon.
You visited 1 branch of the dungeon, and saw 6 of its levels.

You collected 232 gold pieces.

Inventory:

Hand Weapons
 a - a +2 hand crossbow
 c - a +0 mace
 n - a +0 hunting sling
 p - a +2 dagger of protection (weapon)
Missiles
 b - 67 bolts
 f - 45 sling bullets
Armour
 e - a +0 robe (worn)
 k - a scarf of shadows (worn)
Jewellery
 q - an amulet of regeneration (around neck)
Scrolls
 h - a scroll of teleportation {unknown}
 i - a scroll of brand weapon {unknown}
 l - 4 scrolls of summoning {unknown}
 m - 2 scrolls of identify {unknown}
 o - 3 scrolls of fear {unknown}
 u - 2 scrolls of fog {unknown}
 v - a scroll of vulnerability {unknown}
Potions
 d - 2 potions of lignification
 g - a potion of heal wounds {unknown}
 j - 2 potions of flight {unknown}
 r - a potion of brilliance {unknown}
 s - a potion of resistance {unknown}
 t - 2 potions of curing {unknown}
 w - a potion of attraction {unknown}


   Skills:
 + Level 6.1 Fighting
 - Level 1.0 Short Blades
 + Level 5.6 Crossbows
 - Level 1.0 Throwing
 - Level 1.0 Armour
 + Level 8.2 Stealth
 - Level 1.0 Evocations


You had 7 spell levels left.
You didn't know any spells.
Your spell library contained the following spells:

 Spells                   Type           Power      Damage    Failure   Level
 Ensorcelled Hibernation  Hex/Ice        0%         N/A       34%         2
 Gell's Gravitas          Tloc           0%         N/A       56%         3
 Lesser Beckoning         Tloc           0%         N/A       56%         3
 Spider Form              Tmut/Pois      0%         N/A       56%         3
 Teleport Other           Tloc           0%         N/A       56%         3
 Shadow Creatures         Summ           N/A        N/A       100%        6


Dungeon Overview and Level Annotations

Branches:
Dungeon (6/15)             Temple (0/1) D:5

Altars:
Kikubaaqudgha
Ru
Yredelemnul

Annotations:
D:4 2 transporters, Menkaure
D:5 Dowan, Duvessa


Innate Abilities, Weirdness & Mutations

Your serpentine skin is tough. (AC +2)
You have supernaturally acute eyesight. (SInv)
Armour fits poorly on your strangely shaped body.
Your system is resistant to poisons. (rPois)
You cover ground very slowly.
You can spit poison.
You have a snake-like lower body.


Message History

The ice beast is severely wounded.
The ice beast closely misses you.
Press: ? - help, Shift-Dir - straight line, f/p - ice beast
Aim: an ice beast (severely wounded)
The splash of poison hits the ice beast.
The ice beast is severely wounded.
The ice beast hits you. The ice beast freezes you!
Unknown command.
You hit the ice beast but do no damage.
The ice beast is severely wounded.
The ice beast hits you but does no damage.
You barely miss the ice beast.
The ice beast is severely wounded.
The ice beast hits you but does no damage.
You hit the ice beast.
The ice beast is almost dead.
You have got your breath back.
The ice beast hits you. The ice beast freezes you!
You closely miss the ice beast.
The ice beast is almost dead.
The ice beast closely misses you.
You barely miss the ice beast.
The ice beast is almost dead.
The ice beast hits you. The ice beast freezes you!
* * * LOW HITPOINT WARNING * * *
You hit the ice beast but do no damage.
The ice beast is almost dead.
The ice beast hits you.
* * * LOW HITPOINT WARNING * * *
The ice beast freezes you.
* * * LOW HITPOINT WARNING * * *
You hit the ice beast but do no damage.
The ice beast is almost dead.
The ice beast hits you but does no damage.
You hit the ice beast.
The ice beast is almost dead.
The ice beast hits you.
* * * LOW HITPOINT WARNING * * *
The ice beast freezes you!
You die...

#....######## ##.....##
##.......## #.#.#
#.........#####.#.#
#..................
#.........##.##.#.#
##........##.##.#.#
##.............#.###.#
######..........@Y......#
......##.....[#.####.####
...###.###.#.##.# #.#
....# #.#.##.##.# #.#
..†## #.# #.##......Y..§§
#.## #.# #.##...../##....
#.# # # #.##......# Y§.
#.# #....... §§ #..
##.....# §


You could see an ice beast.

Vanquished Creatures
  2 ice beasts
  A necrophage (D:5)
  An ogre (D:4)
  3 scorpions
  2 centaur zombies (D:5)
  3 hounds
  An orc priest (D:3)
  A jelly (D:5)
  A centaur skeleton (D:5)
  A scorpion zombie (D:5)
  An iguana (D:5)
  A hound skeleton (D:4)
  A howler monkey zombie (D:5)
  3 gnolls (D:4)
  6 adders
  An ufetubus (D:4)
  A worm (D:2)
  2 dart slugs
  6 orcs
  7 ball pythons
  7 endoplasms
  2 giant cockroaches
  9 goblins
  9 hobgoblins
  7 jackals
  7 kobolds
  A quokka (D:2)
  4 bats
  5 frilled lizards
  4 rats
100 creatures vanquished.

Notes
Turn   | Place    | Note
-------+----------+-------------------------------------------
     0 | D:1      | MajorAdolf the Naga Wanderer began the quest for the Orb.
     0 | D:1      | MajorAdolf set off with the following items: a +2 hand
                  | crossbow, 31 bolts, a +0 mace, a potion of lignification, a
                  | +0 robe
     0 | D:1      | Reached XP level 1. HP: 21/21 MP: 1/1
    70 | D:1      | Reached skill level 1 in Stealth
    70 | D:1      | Reached XP level 2. HP: 15/28 MP: 2/2
   575 | D:1      | Reached skill level 2 in Stealth
   658 | D:1      | Reached XP level 3. HP: 22/34 MP: 3/3
  2150 | D:2      | Reached skill level 3 in Stealth
  2150 | D:2      | Reached XP level 4. HP: 37/44 MP: 4/4
  2584 | D:3      | Found a sacrificial altar of Ru.
  3173 | D:3      | Reached XP level 5. HP: 43/50 MP: 5/5
  3200 | D:3      | Reached skill level 4 in Stealth
  3418 | D:3      | Noticed an ice beast
  3463 | D:3      | Killed an ice beast
  3464 | D:3      | Reached skill level 5 in Stealth
  3464 | D:3      | Reached XP level 6. HP: 58/58 MP: 6/6
  4095 | D:4      | Found a transporter.
  4099 | D:4      | Noticed a necrophage
  4100 | D:4      | Found a transporter.
  4393 | D:4      | Found a basalt altar of Yredelemnul.
  4406 | D:4      | Reached skill level 6 in Stealth
  4433 | D:4      | Reached skill level 5 in Fighting
  4487 | D:4      | Found an ancient bone altar of Kikubaaqudgha.
  4491 | D:4      | Noticed Menkaure
  4648 | D:4      | Reached XP level 7. HP: 51/67 MP: 7/7
  4912 | D:5      | Entered Level 5 of the Dungeon
  5240 | D:5      | Found a staircase to the Ecumenical Temple.
  5275 | D:5      | Reached skill level 5 in Crossbows
  5275 | D:5      | Reached skill level 7 in Stealth
  5444 | D:5      | Noticed Dowan
  5459 | D:5      | Reached XP level 8. HP: 76/76 MP: 8/8
  5620 | D:5      | Reached skill level 8 in Stealth
  5746 | D:5      | Noticed Duvessa
  5974 | D:6      | Slain by an ice beast

Illustrated notes

Levels and vault maps discovered:
D:1:      lemuel_arrival_river_bridge, layout_basic, minmay_distorted
D:2:      layout_basic
D:3:      layout_rooms, nicolae_ru_sacrificial_ziggurat
D:4:      layout_basic, gammafunk_temple_of_torment
D:5:      layout_basic, minmay_temple_entry_waves, uniq_duvessa
D:6:      layout_loops_ring, nicolae_dithmenos_the_darkroom

Skill      XL: |  1  2  3  4  5  6  7  8 |
---------------+-------------------------+-----
Stealth        | 1 2 3 5 6 7 8 |  8.2
Crossbows      | 3 4 5 |  5.6
Fighting       | 4 5 6 |  6.1
Short Blades   | |  1.0
Throwing       | |  1.0
Armour         | |  1.0
Evocations     | |  1.0

Action                   |  1- 3 |  4- 6 |  7- 9 || total
-------------------------+-------+-------+-------++-------
Melee: Mace              |    31 |    21 |       ||    52
       Dagger            |       |   174 |   221 ||   395
 Fire: Hand crossbow     |     8 |     9 |       ||    17
       Hunting sling     |       |     3 |       ||     3
 Abil: Spit Poison       |    35 |    40 |    15 ||    90
  Use: Potion            |       |       |     1 ||     1
 Stab: Distracted        |       |     1 |       ||     1
       Sleeping          |       |     1 |     2 ||     3
Armor: Robe              |    10 |    83 |   125 ||   218
       Skin              |       |       |    30 ||    30
Dodge: Dodged            |    31 |    94 |   107 ||   232
